 Dungeon Crawl Stone Soup version 0.29.1-2-gbd0b4ee654 (webtiles) character file.

Game seed: 7741622960723225241

785 CryoSword the Chiller (level 7, -9/56 HPs)
             Began as a Demigod Ice Elementalist on Nov 11, 2022.
             Mangled by an ice beast (13 damage)
             ... on level 5 of the Dungeon.
             The game lasted 00:07:12 (4752 turns).

CryoSword the Chiller (Demigod Ice Elementalist)    Turns: 4752, Time: 00:07:12

Health: -9/56      AC: 15    Str:  9    XL:     7   Next: 30%
Magic:  9/14       EV: 12    Int: 25    God:
Gold:   198        SH:  0    Dex: 14    Spells: 1/12 levels left

rFire   . . .      SeeInvis .   w - +0 whip (flame)
rCold   . . .      Faith    .   (no shield)
rNeg    . . .      Spirit   .   a - +0 robe
rPois   .          Reflect  .   v - +0 helmet
rElec   .          Harm     .   f - +0 cloak
rCorr   .          Rampage  .   (no gloves)
Will    .....                   k - +2 pair of boots
Stlth   ++........              r - amulet of the acrobat
HPRegen 0.18/turn               (no ring)
MPRegen 0.14/turn               (no ring)

@: ice-armoured, freezing walls
A: high MP 1, forlorn, divine attributes
a: no special abilities


You were on level 5 of the Dungeon.
You visited 1 branch of the dungeon, and saw 5 of its levels.

You collected 198 gold pieces.

Inventory:

Hand Weapons
 w - a +0 whip of flaming (weapon)
   (You took it off Pikel on level 4 of the Dungeon)
Missiles
 d - 6 boomerangs
 q - a throwing net (quivered)
Armour
 a - a +0 robe (worn)
 f - a +0 cloak (worn)
   (You found it on level 1 of the Dungeon)
 k - a +2 pair of boots (worn)
   (You found it on level 1 of the Dungeon)
 v - a +0 helmet (worn)
   (You found it on level 4 of the Dungeon)
Magical Staves
 t - a staff of cold
   (You found it on level 2 of the Dungeon)
Jewellery
 r - an amulet of the acrobat (around neck)
   (You found it on level 2 of the Dungeon)
Wands
 h - a wand of acid (10)
   (You found it on level 5 of the Dungeon)
Scrolls
 c - 2 scrolls of enchant weapon
 g - 2 scrolls of teleportation {unknown}
 i - a scroll of poison {unknown}
 s - 4 scrolls of amnesia {unknown}
 x - a scroll of vulnerability {unknown}
Potions
 b - a potion of magic
 e - a potion of invisibility
 j - a potion of might {unknown}
 l - 2 potions of lignification {!q}
 m - 2 potions of flight
 n - a potion of attraction {unknown}
 o - 3 potions of heal wounds {@q2}
 p - a potion of berserk rage {unknown}
 u - 2 potions of curing {unknown}
 z - a potion of haste {unknown}
 A - a potion of cancellation {unknown}


   Skills:
 + Level 2.7 Fighting
 - Level 1.7 Dodging
 - Level 1.7 Stealth
 + Level 3.2 Spellcasting
 * Level 0.4 Conjurations
 * Level 7.4 Ice Magic


You had one spell level left.
You knew the following spells:

 Your Spells              Type           Power      Damage    Failure   Level
a - Freeze                Ice            100%       1d11      1%          1
b - Frozen Ramparts       Ice            82%        1d13      1%          3
c - Ozocubu's Armour      Ice            41%        N/A       1%          3
d - Hailstorm             Conj/Ice       23%        3d7       21%         4

Your spell library contained the following spells:

 Spells                   Type           Power      Damage    Failure   Level
 Necrotise                Necr           16%        1d4       10%         1
 Conjure Flame            Conj/Fire      5%         6-21      26%         3
 Ignite Poison            Fire/Tmut/Pois 4%         N/A       30%         3
 Vampiric Draining        Necr           4%         2d6       30%         3
 Sticky Flame             Conj/Fire      5%         2d3       65%         4
 Agony                    Necr           4%         N/A       95%         5


Dungeon Overview and Level Annotations

Branches:
Dungeon (5/15)
 Temple: D:4-7

Shops:
D:1 [


Innate Abilities, Weirdness & Mutations

You have an increased reservoir of magic. (+10% MP)
You shall have no god before yourself.
Your divine heritage dramatically boosts your attributes as you level up.


Message History

You start memorising the spell.
You continue memorising. x4
You finish memorising.
Spell assigned to 'd'.
As you open the door, it creaks loudly!
There is an open door here.
You see here an iguana skeleton.
An orc is nearby!
An orc is nearby!
An orc is nearby!
The orc shouts!
The orc throws a stone.
The stone misses you.
The orc throws a stone.
The stone completely misses you.
The orc throws a stone.
The stone hits you but does no damage. The orc misses you.
Aim: an orc, wielding a +0 dagger, wearing a +0 chain mail and quivering stones You feel a surge of power!
You freeze the orc. The orc closely misses you.
Aim: an orc, wielding a +0 dagger, wearing a +0 chain mail and quivering stones (severely wounded)
You feel a surge of power!
You freeze the orc!
You kill the orc!
An orc comes into view. It is wielding a +0 flail.
An orc is nearby!
An orc is nearby!
An orc is nearby!
A hobgoblin comes into view.
The orc closely misses you.
Aim: an orc, wielding a +0 flail and wearing a +0 leather armour You feel a surge of power!
You freeze the orc. The orc closely misses you.
You feel a surge of power!
The walls around you are covered in ice.
The hobgoblin shouts!
The wall freezes the orc!
You kill the orc!
Aim: a hobgoblin You feel a surge of power!
You freeze the hobgoblin!
You kill the hobgoblin!
The frozen ramparts melt away.
You see here a hobgoblin corpse.
Things that are here:
a +0 flail; a +0 leather armour
y - a scroll of identify {@r1} You now have 198 gold pieces (gained 10).
s - 3 scrolls labelled ETOEFY ROUR (gained 1)
There is an open door here.
There is an open door here.
You see here a +0 robe.
Done exploring.
Done exploring.
Done exploring.
Done exploring.
There is a stone staircase leading down here.
As you read the scroll of identify {@r1}, it crumbles to dust.
h - 2 potions of degeneration You drop 2 potions of degeneration {!q}.
You climb downwards.
Found a long brass wand.
There is a stone staircase leading up here.
h - a wand of acid (10)
Found a stone staircase leading up.
A quokka and an orc come into view.
Found a scroll labelled ETOEFY ROUR.
There are monsters nearby!
There are monsters nearby!
An orc wizard comes into view. It is wielding a +0 dagger.
Found a stone staircase leading up.
The orc shouts!
An orc comes into view. It is wielding a +2 vorpal hand axe.
You barely miss the quokka. The quokka bites you.
An orc comes into view. It is wielding a +0 whip.
The quokka closely misses you.
You miss the quokka.
The quokka bites you but does no damage.
You feel a surge of power!
The walls around you are covered in ice.
The wall freezes the quokka!
You kill the quokka!
The wall freezes the orc wizard!
You feel a surge of power! A film of ice covers your body!
The wall freezes the orc wizard but does no damage.
The wall freezes the orc!
You kill the orc!
Aim: an orc wizard, wielding a +0 dagger and wearing a +0 robe (heavily wounded)
You feel a surge of power!
You freeze the orc wizard!
You kill the orc wizard!
The wall freezes the orc!
You kill the orc!
The frozen ramparts melt away.
Your icy armour starts to melt.
Your icy armour evaporates.
Things that are here:
a +0 dagger; a +0 robe
s - 4 scrolls labelled ETOEFY ROUR (gained 1)
There is a stone staircase leading up here.
Could not explore, unopened door.
Could not explore, unopened door.
Could not explore, unopened door.
You open the door.
Could not explore, unopened door.
Could not explore, unopened door.
You open the door.
A - a coppery potion An ice beast comes into view.
An ice beast is nearby!
Your +0 whip of flaming bursts into flame!
w - a +0 whip of flaming (weapon)
You barely miss the ice beast.
The ice beast hits you but does no damage. x2
You closely miss the ice beast. The ice beast hits you.
The ice beast freezes you!
You hit the ice beast but do no damage.
The ice beast hits you but does no damage.
A film of ice covers your body! The ice beast hits you.
The ice beast freezes you!
The walls around you are covered in ice.
The ice beast completely resists.
The wall freezes the ice beast but does no damage.
The ice beast hits you but does no damage.
You hit the ice beast but do no damage.
The ice beast completely resists.
The wall freezes the ice beast but does no damage.
The ice beast closely misses you.
You closely miss the ice beast.
The ice beast completely resists.
The wall freezes the ice beast but does no damage.
The ice beast closely misses you.
You closely miss the ice beast.
The ice beast completely resists.
The wall freezes the ice beast but does no damage.
The ice beast hits you but does no damage.
You closely miss the ice beast.
The ice beast completely resists.
The wall freezes the ice beast but does no damage.
The ice beast closely misses you.
You hit the ice beast.
You melt the ice beast.
The ice beast completely resists.
The wall freezes the ice beast but does no damage.
The ice beast hits you but does no damage.
You barely miss the ice beast.
The ice beast completely resists.
The wall freezes the ice beast but does no damage.
The ice beast hits you but does no damage.
You closely miss the ice beast.
The wall freezes the ice beast but does no damage.
The ice beast hits you. The ice beast freezes you!
* * * LOW HITPOINT WARNING * * *
You hit the ice beast but do no damage.
The ice beast completely resists.
The wall freezes the ice beast but does no damage.
The ice beast hits you.
* * * LOW HITPOINT WARNING * * *
The ice beast freezes you!
* * * LOW HITPOINT WARNING * * *
The ice beast completely resists.
The wall freezes the ice beast but does no damage.
The ice beast hits you.
* * * LOW HITPOINT WARNING * * *
The ice beast freezes you!
You die...

#.#.# #.#.#
#.#.# #.#.#
#.#.#####
#.....#
#####.######
#......#
######@#
#Y..# ###.#
##


You could see an ice beast.

Vanquished Creatures
  Pikel (D:4)
  A lemure (D:4)
  A jelly (D:4)
  A gnoll bouda (D:2)
  2 iguanas (D:4)
  An orc wizard (D:5)
  5 adders
  7 gnolls
  2 worms
  2 dart slugs
  9 orcs
  5 endoplasms
  4 giant cockroaches
  5 goblins
  5 hobgoblins
  5 quokkas
  6 ball pythons
  8 bats
  2 frilled lizards
  6 kobolds
  4 rats
82 creatures vanquished.

Notes
Turn   | Place    | Note
-------+----------+-------------------------------------------
     0 | D:1      | CryoSword the Demigod Ice Elementalist began the quest for
                  | the Orb.
     0 | D:1      | Reached XP level 1. HP: 14/14 MP: 5/5
   293 | D:1      | Reached skill level 4 in Ice Magic
   356 | D:1      | Found Nuuwiwou's Antique Armour Boutique.
   398 | D:1      | Reached XP level 2. HP: 20/20 MP: 7/7
  1092 | D:2      | Reached XP level 3. HP: 3/26 MP: 3/8
  1373 | D:2      | Learned a level 3 spell: Frozen Ramparts
  1405 | D:2      | Reached skill level 5 in Ice Magic
  1612 | D:2      | Reached XP level 4. HP: 33/33 MP: 7/9
  2770 | D:3      | Reached skill level 6 in Ice Magic
  2822 | D:3      | Reached XP level 5. HP: 38/38 MP: 8/10
  2832 | D:3      | Learned a level 3 spell: Ozocubu's Armour
  3463 | D:4      | Reached skill level 1 in Fighting
  3691 | D:4      | Noticed Pikel
  3701 | D:4      | Killed Pikel
  3702 | D:4      | Reached skill level 7 in Ice Magic
  3702 | D:4      | Reached XP level 6. HP: 50/50 MP: 2/13
  3702 | D:4      | Reached XP level 7. HP: 56/56 MP: 2/14
  4250 | D:4      | Learned a level 4 spell: Hailstorm
  4637 | D:5      | Entered Level 5 of the Dungeon
  4752 | D:5      | Mangled by an ice beast

Illustrated notes

Levels and vault maps discovered:
D:1:      dpeg_arrival_refuge, layout_loops_ring, serial_shops,
          nicolae_diamond_shop, nicolae_ecumenical_lake_church,
          minmay_tromino_i2
D:2:      layout_loops_ring, minmay_misc_feat_room
D:3:      layout_loops_ring, grunt_ministairs_13
D:4:      layout_loops_corners, uniq_pikel
D:5:      layout_basic, serial_shops, nicolae_shop_waterfront, hex_tiny,
          uniq_eustachio, uniq_ijyb

Skill      XL: |  1  2  3  4  5 |
---------------+----------------+-----
Ice Magic      | 4 5 6 7 |  7.4
Spellcasting   | 3 |  3.2
Fighting       | 2 |  2.7
Dodging        | |  1.7
Stealth        | |  1.7
Conjurations   | |  0.4

Action                   |  1- 3 |  4- 6 |  7- 9 || total
-------------------------+-------+-------+-------++-------
Melee: Whip              |    11 |       |    11 ||    22
       Dagger            |    15 |     2 |       ||    17
       Staff             |       |    20 |     3 ||    23
 Cast: Freeze            |    46 |    62 |    15 ||   123
       Frozen Ramparts   |       |     5 |     3 ||     8
       Ozocubu's Armour  |       |     1 |     2 ||     3
  Use: Scroll            |       |     6 |     2 ||     8
 Stab: Sleeping          |     2 |     1 |       ||     3
Armor: Robe              |    16 |    18 |    12 ||    46
Dodge: Dodged            |    57 |    55 |    14 ||   126
